 Dungeon Crawl Stone Soup version 0.21.0-3-g78d12a8 (webtiles) character file.

578448 emikaela the Sorcerer (level 25, -15/210 HPs)
             Began as a Mummy Enchanter on Jan 16, 2018.
             Was a High Priest of Ashenzari.
             Killed from afar by a black draconian (25 damage)
             ... with a bolt of lightning
             ... on level 1 of the Realm of Zot on Jan 17, 2018.
             The game lasted 08:17:19 (83895 turns).

emikaela the Sorcerer (Mummy Enchanter)            Turns: 83895, Time: 08:17:20

Health: -15/210    AC: 18    Str: 23    XL:     25   Next: 86%
Magic:  0/48       EV: 22    Int: 31    God:    Ashenzari [*****.]
Gold:   2888       SH: 19    Dex: 17    Spells: 0/67 levels left

rFire    + + .     SeeInvis +   N - staff of death (curse)
rCold    + . .     Gourm    .   I - +5 shield {AC+3} (curse)
rNeg     + + +     Faith    .   O - +1 robe "Kosky" {rF++ Str+3} (curse)
rPois    ∞         Spirit   +   s - +2 helmet of the Quahog {rPois} (curse)
rElec    .         Reflect  .   z - scarf {Spirit} (curse)
rCorr    .         Harm     .   p - +2 pair of gloves {Str+3} (curse)
MR       +++..     Clarity  +   j - +2 pair of boots {run} (curse)
Stlth    ++++++....             r - amulet of magic regeneration (curse)
HPRegen  0.45/turn              y - ring "Amarghiux" {rF+ Str+4 Int+3} (curse)
MPRegen  0.56/turn              J - ring of Wogutah {rN+ AC+3 Int+3 Dex+5} (curse)

@: quick
A: no food or potions, fire vulnerability, cold resistance 1, negative energy
resistance 3, torment resistance, unbreathing, in touch with death 1
}: 3/15 runes: decaying, serpentine, slimy
a: End Transfer Knowledge, Curse Item, Scrying, Transfer Knowledge, Renounce
Religion


You were on level 1 of the Realm of Zot.
You worshipped Ashenzari.
Ashenzari was extremely pleased with you.
You were not hungry.

You visited 11 branches of the dungeon, and saw 52 of its levels.
You also visited: Labyrinth and Ice Cave.

You collected 8797 gold pieces.
You spent 5909 gold pieces at shops.

Inventory:

Hand Weapons
 Q - a +1 demon trident of electrocution
Missiles
 t - 21 tomahawks (quivered)
Armour
 j - a cursed +2 pair of boots of running (worn)
 p - a cursed +2 pair of gloves of strength (worn)
 s - the cursed +2 helmet of the Quahog (worn) {rPois}
   (You acquired it on level 3 of the Depths)

   It protects you from poison.
   It has a curse placed upon it.
 z - a cursed scarf of spirit shield (worn)
 I - a cursed +5 shield of protection (worn)
 O - the cursed +1 robe "Kosky" (worn) {rF++ Str+3}
   (You found it on level 4 of the Swamp)

   It affects your strength (+3).
   It greatly protects you from fire.
   It has a curse placed upon it.
Magical Staves
 a - an uncursed staff of conjuration
 N - a cursed staff of death (weapon)
Jewellery
 r - a cursed amulet of magic regeneration (around neck)
 y - the cursed ring "Amarghiux" (left hand) {rF+ Str+4 Int+3}
   (You took it off a deep elf annihilator on level 3 of the Elven Halls)

   [ring of intelligence]

   It affects your strength (+4).
   It affects your intelligence (+3).
   It protects you from fire.
   It has a curse placed upon it.
 J - the cursed ring of Wogutah (right hand) {rN+ AC+3 Int+3 Dex+5}
   (You found it in a labyrinth)

   [ring of protection]

   It affects your AC (+3).
   It affects your intelligence (+3).
   It affects your dexterity (+5).
   It protects you from negative energy.
   It has a curse placed upon it.
 K - an uncursed ring of flight
Wands
 A - a wand of acid (8)
 B - a wand of iceblast (55)
 C - a wand of clouds (10)
 D - a wand of disintegration (55)
 E - a wand of enslavement (42)
 G - a wand of digging (58)
 H - a wand of scattershot (8)
 P - a wand of paralysis (96)
 R - a wand of random effects (104)
 Y - a wand of polymorph (97)
Scrolls
 c - 2 scrolls of remove curse
 e - 9 scrolls of enchant weapon
 f - 2 scrolls of silence {!r}
 h - 7 scrolls of fear
 i - 17 scrolls of identify
 k - a scroll of torment
 o - 2 scrolls of summoning
 q - 2 scrolls of vulnerability {!r}
 v - 4 scrolls of enchant armour
 x - 2 scrolls of brand weapon
 F - 5 scrolls of fog
 L - 3 scrolls of blinking
 M - 8 scrolls of magic mapping
 T - 9 scrolls of teleportation
 U - 9 scrolls of immolation {!r}
Books
 b - a Necronomicon
 V - a book of Death
 W - a book of Unlife
Miscellaneous
 d - a fan of gales (inert)
 g - a lightning rod (4/4)
 l - a crystal ball of energy
 m - a lamp of fire
 n - 6 boxes of beasts
 u - a sack of spiders
 w - 4 phantom mirrors
 S - a phial of floods


   Skills:
 - Level 20.0 Fighting
   Level 0.1 Short Blades
 + Level 2.0(4.0) Staves
 - Level 1.0 Armour
 - Level 9.7(13.5) Dodging
 - Level 10.7(14.4) Stealth
 - Level 12.3(14.6) Shields
 + Level 21.7 Spellcasting
 - Level 15.9(19.3) Conjurations
   Level 8.0(12.0) Hexes
 - Level 3.8(7.5) Charms
 + Level 5.3(9.3) Summonings
 * Level 11.2(14.9) Necromancy
 - Level 3.0(6.4) Translocations
 - Level 1.2(3.6) Transmutations
   Level 13.5(17.1) Fire Magic
 - Level 8.6(12.5) Ice Magic
 - Level 5.5(9.5) Air Magic
 - Level 12.9(16.5) Earth Magic
 - Level 7.5(12.6) Evocations


You couldn't memorise any spells.
You knew the following spells:

 Your Spells              Type           Power        Failure   Level  Hunger
a - Lehudib's Crystal Sp  Conj/Erth      #######...   4%          8    N/A
b - Infestation           Necr           ########..   14%         8    N/A
d - Ozocubu's Refrigerat  Ice            #######...   1%          6    N/A
g - Shroud of Golubria    Chrm/Tloc      ######....   1%          2    N/A
h - Haunt                 Necr/Summ      ########..   6%          7    N/A
l - Blink                 Tloc           N/A          1%          2    N/A
m - Deflect Missiles      Chrm/Air       ######....   4%          6    N/A
n - Dispel Undead         Necr           ########     1%          5    N/A
p - Apportation           Tloc           ######       1%          1    N/A
s - Spellforged Servitor  Conj/Summ      #######...   2%          7    N/A
t - Summon Butterflies    Summ           #######.     1%          1    N/A
u - Passage of Golubria   Tloc           N/A          1%          4    N/A
v - Borgnjor's Vile Clut  Necr/Erth      ########..   1%          5    N/A
w - Passwall              Tmut/Erth      #######...   1%          2    N/A
z - Ozocubu's Armour      Chrm/Ice       #######.     1%          3    N/A

Dungeon Overview and Level Annotations

Branches:
Dungeon (15/15)            Temple (0/1) D:5            Lair (6/6) D:11
  Swamp (4/4) Lair:4        Snake (4/4) Lair:3        Slime (5/5) Lair:6
    Orc (2/2) D:12            Elf (3/3) Orc:2        Vaults (4/5) D:14
  Crypt (3/3) Vaults:2       Tomb (0/3) Crypt:3      Depths (5/5) D:15
    Zot (1/5) Depths:5

Altars:
Ashenzari
Cheibriados
Dithmenos
Elyvilon
Gozag
Kikubaaqudgha
Makhleb
Okawaru
Uskayaw
Vehumet
Xom
Yredelemnul
Beogh
Jiyva

Shops:
D:7 *   D:12 [   D:13 ?   Orc:2 %**}!   Elf:3 !(?*   Snake:2 *   Snake:3 }=}
Vaults:2 *   Vaults:3 %   Depths:1 (}(

Portals:
Hell: Depths:1 Depths:2 Depths:3 Depths:4 Depths:5
Abyss: Depths:1 Depths:3 Depths:4
Pandemonium: Depths:1 Depths:3
Ziggurat: Depths:1
Trove: Vaults:4 (give horn of Geryon)

Annotations:
D:9 1 runed door
Snake:3 1 transporter
Elf:2 5 runed doors, 1 exclusion
Vaults:4 exclusion: downstairs


Innate Abilities, Weirdness & Mutations

You do not eat or drink.
Your flesh is vulnerable to fire.
You are immune to poison.
Your flesh is cold resistant. (rC+)
You are immune to negative energy. (rN+++)
You are immune to unholy pain and torment.
You can survive without breathing.
You are in touch with the powers of death.


Message History

The moth of wrath bites your shadow dragon!!
You hear a roar!
Unknown command.
You can't drink.
Unknown command.
Evoke which item? (* to show all) (? for menu, Esc to quit)
Okay, then.
As you read the scroll of fog, it crumbles to dust.
The scroll dissolves into smoke.
The purple draconian hits your storm dragon with a hand axe!
Your storm dragon closely misses the purple draconian.
Your storm dragon claws the purple draconian but does no damage.
Your storm dragon barely misses the purple draconian.
The moth of wrath bites your shadow dragon.
The black draconian annihilator casts a spell.
The black draconian annihilator blinks!
The black draconian breathes lightning at you.
The bolt of lightning hits you!
* * * LOW MAGIC WARNING * * *
You die...

#.........# #...........#.#..
######..###.## #.d.........#.#..
..........#.# #§D..)......#.#.>
.######.#.#.#####.d[§.......#)#..
.# #.#...(..........d....#.#.. .#
#.#.....q...)q!.#.......#.. .#
####.#.....§yD.....#.#######.. .#
#...........§§§§..............
.###.##.......§§@§§......#####..#
.#........#####§#§#...[..# #...
.#.#......+.......#......# #.##
.#.####...#####...#......# #.##
.#.#......# #...#......# #.##
.#.#.#.########...#......## #.##
.#.#..............#.......# #.##
.#.###.########...........####.##
.#.................[...........##


You could see a black draconian, a yellow draconian, a purple draconian, a black
draconian annihilator, a black draconian scorcher, a moth of wrath, a friendly
shadow dragon and a friendly storm dragon.

Vanquished Creatures
  the Royal Jelly (Slime:5)
  the Lernaean hydra (Swamp:4)
  Bai Suzhen (Snake:3)
  Vashnia (Snake:2)
  A caustic shrike (Depths:2)
  Nikola (Elf:3)
  Jory (Vaults:2)
  5 golden dragons
  2 profane servitors (Crypt:3)
  A bone dragon (Crypt:3)
  2 liches
  3 tentacled monstrosities (Zot:1)
  Jorgrun (Elf:3)
  A shard shrike skeleton (Crypt:2)
  A deep elf blademaster (Elf:3)
  23 acid blobs
  A death cob (Zot:1)
  2 deep elf master archers (Elf:3)
  An ancient champion (Crypt:2)
  A shadow dragon (Depths:5)
  4 thorn hunters
  2 sphinxes
  5 storm dragons
  2 draconian monks (Zot:1)
  20 azure jellies
  Roxanne (Snake:4)
  A revenant (Crypt:1)
  17 nagarajas
  7 vault wardens
  16 frost giants
  6 fire giants
  2 tengu reavers
  Louise (Depths:3)
  5 deep elf elementalists (Elf:3)
  6 deep elf sorcerers
  3 draconian knights (Zot:1)
  A ghost moth (Zot:1)
  3 orc warlords
  15 ghouls
  5 curse skulls
  11 ironheart preservers
  2 draconian shifters
  25 stone giants
  The ghost of p0werm0de the Brawler, a journeyman BaEn of Fedhas (D:13)
  2 draconian annihilators
  23 very ugly things
  4 vampire knights
  A reaper (Crypt:2)
  3 green draconians (Zot:1)
  A war gargoyle (Vaults:4)
  A caustic shrike skeleton (Crypt:2)
  9 deep elf annihilators
  5 purple draconians
  3 black draconians (Zot:1)
  7 deep elf demonologists
  6 spark wasps
  3 yellow draconians
  2 white draconians
  6 ettins
  A red draconian (Zot:1)
  A quicksilver dragon zombie (Crypt:1)
  11 eidola
  10 deep elf death magi
  7 death oozes
  A merfolk impaler (Depths:3)
  2 green deaths (Swamp:4)
  A minotaur (Lab)
  4 crystal guardians
  2 ettins (shapeshifter)
  4 deep elf high priests
  A mummy priest (Crypt:3)
  11 yaktaur captains
  12 great orbs of eyes
  4 fire dragons
  2 jiangshi
  6 vault guards
  24 naga warriors
  12 ogre magi
  Fannar (D:14)
  A quicksilver dragon skeleton (Crypt:2)
  The ghost of feelmyfire the Martial Artist, a journeyman DgTm (Lair:2)
  Harold (Lair:2)
  A monstrous demonspawn (Depths:1)
  10 ice dragons
  16 hydras
  2 rakshasas
  9 centaur warriors
  3 death knights
  2 spriggan air magi
  2 catoblepae
  39 two-headed ogres
  3 ghost crabs
  8 anacondas
  14 alligators
  18 dancing weapons
  5 deep troll shamans
  5 tengu warriors
  7 orc high priests
  3 death yaks (Lair:6)
  2 titan zombies (Crypt:3)
  6 vampire magi
  5 spriggan berserkers
  20 naga sharpshooters
  15 deep elf knights
  6 deep troll earth magi
  2 shock serpents
  6 hell knights
  3 iron trolls
  A titan skeleton (Crypt:2)
  3 storm dragon skeletons
  2 storm dragon zombies (Crypt:3)
  Nergalle (D:11)
  A sea snake (Snake:2)
  2 unseen horrors
  22 skeletal warriors
  A fire crab (shapeshifter) (Vaults:3)
  12 salamander mystics
  2 anaconda zombies
  12 swamp dragons
  4 glowing orange brains
  3 shadow wraiths
  12 naga ritualists
  4 spriggan druids
  15 deep trolls
  6 flayed ghosts
  26 deep elf archers
  An orange crystal statue (D:13)
  8 wizards
  A shadow demon (Depths:1)
  14 ironbrand convokers
  Pikel (D:6)
  3 shambling mangroves
  2 shadow dragon zombies (Crypt:3)
  20 phantasmal warriors
  10 necromancers
  13 orc knights
  14 mana vipers
  A frost giant zombie (Crypt:3)
  A harpy (Vaults:1)
  6 shining eyes
  A fire giant zombie (Crypt:1)
  An iron dragon zombie (Crypt:3)
  A shining eye (shapeshifter) (Depths:2)
  6 wolf spiders
  3 moths of wrath (Zot:1)
  3 manticores
  67 deep elf magi
  2 oklob plants (Lair:5)
  2 cyclopes
  60 ugly things
  6 orc sorcerers
  7 salamanders
  2 centaur zombies
  A frost giant skeleton (Crypt:2)
  25 black mambas
  10 elephants
  A rust devil (Depths:1)
  A titan simulacrum (Crypt:1)
  24 naga magi
  4 eyes of devastation
  A torpor snail (Lair:5)
  2 ice statues (IceCv)
  6 guardian serpents
  15 vault sentinels
  2 gargoyles
  17 spiny frogs
  4 kobold demonologists
  5 rime drakes
  8 komodo dragons
  36 yaktaurs
  A yaktaur (shapeshifter) (Vaults:1)
  An ice devil (Depths:1)
  3 efreet (Depths:4)
  11 freezing wraiths
  2 harpy zombies
  A guardian mummy (Crypt:3)
  A queen bee (shapeshifter) (Vaults:3)
  3 jumping spiders (Crypt:3)
  8 trolls
  A golden dragon simulacrum (Crypt:1)
  2 tengu conjurers
  2 jumping spiders (shapeshifter)
  15 tyrant leeches
  2 meliai (D:15)
  A red devil (Depths:1)
  2 large abominations (Swamp:4)
  10 blink frogs
  A hippogriff (shapeshifter) (Vaults:3)
  134 slime creatures
  16 hornets
  A hydra skeleton (Crypt:1)
  21 dream sheep
  2 ice dragon zombies
  9 bog bodies
  2 death drake skeletons (Crypt:1)
  An iron dragon simulacrum (Crypt:1)
  A human simulacrum (Vaults:1)
  12 hippogriffs
  3 ettin zombies
  An air elemental (Elf:3)
  3 redbacks (Crypt:3)
  2 fire dragon skeletons (Crypt:2)
  6 shadows
  A tarantella (shapeshifter) (Vaults:3)
  2 ettin skeletons
  12 water elementals
  6 wyverns
  18 spriggans
  5 fire elementals
  17 yaks
  3 basilisks
  24 golden eyes
  Eustachio (D:6)
  A human (shapeshifter) (D:15)
  13 wraiths
  A hungry ghost (D:14)
  15 vampire mosquitoes
  3 steam dragons (Lair:6)
  6 wargs
  9 insubstantial wisps (Swamp:4)
  70 nagas
  A hydra simulacrum (Crypt:1)
  Edmund (D:6)
  A deep troll zombie (Vaults:3)
  2 small abominations (Swamp:4)
  21 swamp worms
  An acid dragon (D:10)
  Duvessa (D:6)
  5 porcupines
  A human zombie (Vaults:1)
  2 orb spider zombies (Crypt:2)
  A spiny frog zombie (Crypt:3)
  A torturous demonspawn skeleton (Crypt:1)
  A floating eye (Depths:3)
  17 water moccasins
  9 swamp drakes
  44 orc warriors
  3 slaves (D:6)
  15 eyes of draining
  6 phantoms
  4 sky beasts
  A black bear (shapeshifter) (D:9)
  A manticore zombie (Crypt:3)
  2 eyes of draining (shapeshifter)
  A black bear (D:9)
  17 ice beasts
  A tengu (shapeshifter) (D:15)
  3 ettin simulacra (Depths:4)
  16 necrophages
  2 snapping turtle zombies
  6 wolves (Lair:1)
  28 ogres
  An ogre (shapeshifter) (Elf:1)
  A boggart (Vaults:3)
  A centaur (shapeshifter) (Vaults:1)
  19 centaurs
  A manticore skeleton (Crypt:1)
  16 crocodiles
  A rime drake skeleton (Crypt:1)
  2 big kobolds
  A komodo dragon skeleton (Crypt:2)
  19 bullfrogs
  A hippogriff skeleton (Crypt:2)
  Dowan (D:6)
  2 earth elementals
  An elf skeleton (Crypt:2)
  A water moccasin skeleton (D:6)
  A water moccasin zombie (D:8)
  7 scorpions
  A scorpion (shapeshifter) (Vaults:1)
  8 wyvern skeletons
  A troll zombie (Crypt:1)
  A raiju zombie (Crypt:2)
  A spriggan zombie (Crypt:1)
  11 wights
  An elf simulacrum (Vaults:3)
  2 howler monkeys
  2 electric eels
  7 crimson imps
  2 quasits (D:9)
  A yaktaur simulacrum (Vaults:1)
  A bullfrog zombie (D:9)
  A black bear zombie (Crypt:2)
  29 orc wizards
  4 bullfrog skeletons
  8 hounds
  Crazy Yiuf (D:6)
  6 centaur skeletons
  33 orc priests
  2 gnoll shamans (D:9)
  A porcupine zombie (Crypt:2)
  5 iguanas
  18 worker ants
  3 hell rats (Lair:2)
  A killer bee zombie (D:6)
  A hound skeleton (D:8)
  3 worker ant zombies
  11 gnolls
  12 adders
  10 river rats
  5 shadow imps
  An adder skeleton (D:5)
  A halfling skeleton (Crypt:1)
  2 worms
  A dart slug (D:3)
  6 leopard geckos
  101 orcs
  8 bats
  8 giant cockroaches
  14 goblins
  10 hobgoblins
  4 jackals (D:3)
  6 quokkas
  5 frilled lizards
  A jackal skeleton (D:7)
  22 kobolds
  A kobold zombie (Crypt:3)
  A leopard gecko skeleton (D:2)
  A quokka zombie (D:7)
  9 rats
  A rat skeleton (Crypt:1)
  A fungus (Lair:5)
  9 plants
  4 withered plants (Crypt:3)
2356 creatures vanquished.

Vanquished Creatures (collateral kills)
  A tentacled monstrosity (Zot:1)
  An electric golem (Zot:1)
  6 acid blobs
  A draconian monk (Zot:1)
  A nagaraja (Snake:3)
  An azure jelly (Slime:5)
  A draconian stormcaller (Zot:1)
  A red draconian (Zot:1)
  A death ooze (Slime:5)
  A death knight (Crypt:3)
  A skeletal warrior (Crypt:3)
  A meliai (D:15)
  7 slime creatures
  2 ushabtiu (Crypt:3)
  A golden eye (Slime:2)
  A necrophage (Crypt:3)
28 creatures vanquished.

Vanquished Creatures (others)
  A two-headed ogre (D:13)
  A deep troll earth mage (Depths:4)
  A mana viper (Snake:3)
  A slime creature (Slime:1)
  A wight (D:13)
  A hound (shapeshifter) (D:13)
  A quokka (D:6)
  10 fire vortices (Slime:5)
  14 fulminant prisms
  7 fungi
  13 plants
  6 withered plants (Crypt:3)
57 creatures vanquished.

Grand Total: 2441 creatures vanquished

Notes
Turn   | Place    | Note
-------+----------+-------------------------------------------
     0 | D:1      | emikaela the Mummy Enchanter began the quest for the Orb.
     0 | D:1      | Reached XP level 1. HP: 13/13 MP: 4/4
   570 | D:1      | Reached skill level 1 in Short Blades
   590 | D:1      | Reached XP level 2. HP: 15/19 MP: 3/5
   762 | D:1      | Learned a level 2 spell: Ensorcelled Hibernation
  1114 | D:1      | Reached skill level 3 in Spellcasting
  1471 | D:2      | Reached XP level 3. HP: 24/24 MP: 7/7
  1476 | D:2      | Learned a level 3 spell: Confuse
  2000 | D:2      | Found a shattered altar of Ashenzari.
  2010 | D:2      | Became a worshipper of Ashenzari the Shackled
  2256 | D:3      | Reached XP level 4. HP: 25/30 MP: 0/8
  2270 | D:3      | Learned a level 3 spell: Tukima's Dance
  2765 | D:3      | Reached skill level 1 in Ice Magic
  2870 | D:3      | Found a burning altar of Makhleb.
  3704 | D:4      | Noticed a hippogriff
  3704 | D:4      | Noticed a phantom
  3739 | D:4      | Reached skill level 1 in Fighting
  3739 | D:4      | Reached XP level 5. HP: 37/37 MP: 9/9
  4017 | D:4      | Noticed a centaur
  4060 | D:4      | Killed a centaur
  4060 | D:4      | Reached skill level 5 in Hexes
  4060 | D:4      | Reached XP level 6. HP: 28/43 MP: 2/10
  4590 | D:4      | Reached XP level 7. HP: 46/48 MP: 0/11
  4800 | D:4      | Found a snail-covered altar of Cheibriados.
  4913 | D:4      | Found an iron altar of Okawaru.
  4917 | D:4      | Reached * piety under Ashenzari
  5039 | D:5      | Entered Level 5 of the Dungeon
  5205 | D:5      | Got the dagger "Xiath" {drain, *Noise MR+ Int+2 Dex+2}
  5206 | D:5      | Identified the +10 dagger "Xiath" {drain, *Noise MR+ Int+2 Dex+2} (You found it on level 5 of the Dungeon)
  5386 | D:5      | Reached skill level 4 in Spellcasting
  5719 | D:5      | Found a staircase to the Ecumenical Temple.
  5721 | D:5      | Reached XP level 8. HP: 56/56 MP: 14/14
  6059 | D:6      | Noticed Duvessa
  6265 | D:6      | Noticed Dowan
  6297 | D:6      | Found a shadowy altar of Dithmenos.
  6386 | D:6      | Found a white marble altar of Elyvilon.
  6588 | D:6      | Noticed Pikel
  6705 | D:6      | Killed Pikel
  6705 | D:6      | Reached skill level 5 in Stealth
  6766 | D:6      | Noticed Eustachio
  6772 | D:6      | Killed Eustachio
  6937 | D:6      | Found a runed door.
  6941 | D:6      | Noticed Crazy Yiuf
  6947 | D:6      | Killed Crazy Yiuf
  7093 | D:6      | Found a basalt altar of Yredelemnul.
  7096 | D:6      | Reached ** piety under Ashenzari
  7140 | D:6      | Noticed Edmund
  7148 | D:6      | Killed Edmund
  7148 | D:6      | Reached XP level 9. HP: 65/65 MP: 9/15
  7712 | D:7      | Reached skill level 1 in Evocations
  7880 | D:7      | Found Gozag's Platinum Reserve.
  7880 | D:7      | Found an opulent altar of Gozag.
  7903 | D:6      | Reached skill level 5 in Short Blades
  8165 | D:7      | Found a hide-covered altar of Uskayaw.
  8189 | D:7      | Reached skill level 5 in Spellcasting
  8368 | D:7      | Found an ancient bone altar of Kikubaaqudgha.
  8383 | D:7      | Reached skill level 5 in Fighting
  9438 | D:8      | Reached XP level 10. HP: 76/76 MP: 5/17
  9685 | D:9      | Reached *** piety under Ashenzari
  9693 | D:9      | Noticed a two-headed ogre
  9706 | D:9      | Killed a two-headed ogre
  9706 | D:9      | Reached skill level 5 in Dodging
  9808 | D:9      | Found a shimmering altar of Xom.
 10612 | D:9      | Found a runed door.
 10612 | D:9      | Noticed a centaur warrior
 10613 | D:9      | Noticed a cyclops
 10636 | D:9      | Learned a level 3 spell: Dazzling Spray
 10774 | D:9      | Killed a centaur warrior
 10957 | D:9      | Noticed a two-headed ogre
 10963 | D:9      | Killed a two-headed ogre
 11190 | D:9      | Noticed a faun
 11206 | D:9      | Noticed a water nymph
 11277 | D:9      | Learned a level 2 spell: Blink
 11280 | D:9      | Learned a level 2 spell: Passwall
 11283 | D:9      | Learned a level 2 spell: Shroud of Golubria
 11284 | D:10     | Entered Level 10 of the Dungeon
 11389 | D:10     | Found a shimmering altar of Xom.
 11454 | D:10     | Reached XP level 11. HP: 84/84 MP: 11/18
 12032 | D:9      | Reached skill level 1 in Shields
 12381 | D:11     | Noticed a two-headed ogre
 12383 | D:11     | Noticed Nergalle
 12402 | D:10     | Killed a two-headed ogre
 12740 | D:11     | Noticed a two-headed ogre
 12760 | D:10     | Reached skill level 6 in Spellcasting
 13220 | D:11     | Reached skill level 1 in Armour
 13283 | D:11     | Killed a two-headed ogre
 13283 | D:11     | Reached skill level 1 in Conjurations
 13283 | D:11     | Reached skill level 1 in Charms
 13283 | D:11     | Reached skill level 1 in Translocations
 13283 | D:11     | Reached skill level 1 in Transmutations
 13283 | D:11     | Reached skill level 1 in Earth Magic
 13525 | D:11     | Killed Nergalle
 13681 | D:11     | Found a staircase to the Lair.
 13915 | D:11     | Reached skill level 7 in Spellcasting
 14199 | D:11     | Learned a level 4 spell: Fulminant Prism
 14828 | D:12     | Reached XP level 12. HP: 89/92 MP: 8/22
 14870 | D:12     | Found a staircase to the Orcish Mines.
 14951 | D:12     | Found Siotiot's Antique Armour Emporium.
 14966 | D:12     | Bought a pearl-encrusted ring mail for 252 gold pieces
 14976 | D:12     | Identified the +4 ring mail of Coos Ese {rPois rN+ Dex-4 SInv} (You bought it in a shop on level 12 of the Dungeon)
 15257 | D:12     | Found a roughly hewn altar of Beogh.
 15357 | D:13     | Noticed a two-headed ogre
 15363 | D:13     | Noticed a two-headed ogre
 15391 | D:13     | Killed a two-headed ogre
 15391 | D:13     | Reached skill level 8 in Spellcasting
 15424 | D:13     | Killed a two-headed ogre
 15442 | D:13     | Noticed a two-headed ogre
 15451 | D:13     | Noticed a tengu warrior
 15457 | D:13     | Noticed an ogre mage
 15465 | D:13     | Killed an ogre mage
 15475 | D:13     | Noticed a two-headed ogre
 15481 | D:13     | Noticed p0werm0de's ghost (journeyman BaEn)
 15496 | D:13     | Killed a two-headed ogre
 15747 | Lair:1   | Entered Level 1 of the Lair of Beasts
 15771 | Lair:1   | Learned a level 4 spell: Passage of Golubria
 15845 | Lair:1   | Reached **** piety under Ashenzari
 15902 | Lair:1   | Noticed a four-headed hydra
 15919 | Lair:1   | Killed a four-headed hydra
 16092 | Lair:1   | Reached skill level 9 in Spellcasting
 16653 | Lair:2   | Noticed a seven-headed hydra
 16660 | Lair:2   | Killed a seven-headed hydra
 16709 | Lair:2   | Noticed Harold
 16716 | Lair:2   | Killed Harold
 16728 | Lair:2   | Reached ***** piety under Ashenzari
 16951 | Lair:2   | Gained mutation: You are in touch with the powers of death. [Mummy growth]
 16951 | Lair:2   | Reached XP level 13. HP: 101/101 MP: 14/26
 16961 | Lair:2   | Reached skill level 10 in Spellcasting
 17068 | Lair:2   | Noticed feelmyfire's ghost (journeyman DgTm)
 17087 | Lair:2   | Killed feelmyfire's ghost
 17334 | Lair:3   | Reached skill level 10 in Fighting
 17507 | Lair:3   | Found a staircase to the Snake Pit.
 17761 | Lair:3   | Identified the +10 long sword "Abigyediet" {slice, rF+ Int+5 Dex+2 Stlth+}
 18020 | Lair:4   | Found a staircase to the Swamp.
 18816 | Lair:4   | Learned a level 3 spell: Conjure Flame
 18821 | Lair:4   | Learned a level 4 spell: Sticky Flame
 18961 | Lair:5   | Reached skill level 1 in Fire Magic
 19009 | Lair:5   | Reached skill level 11 in Spellcasting
 19416 | Lair:5   | Reached ****** piety under Ashenzari
 19626 | Lair:6   | Entered Level 6 of the Lair of Beasts
 19804 | Lair:5   | Reached skill level 12 in Spellcasting
 19903 | Lair:6   | Found a staircase to the Slime Pits.
 19909 | Lair:6   | Found a viscous altar of Jiyva.
 20135 | Lair:6   | Reached XP level 14. HP: 98/110 MP: 10/30
 21302 | Lair:6   | Reached skill level 13 in Spellcasting
 21541 | Lair:1   | Identified a scroll of acquirement
 21613 | Orc:1    | Entered Level 1 of the Orcish Mines
 21697 | Orc:2    | Entered Level 2 of the Orcish Mines
 21989 | Orc:2    | Reached skill level 5 in Evocations
 22630 | Orc:2    | Found a staircase to the Elven Halls.
 22965 | Orc:2    | Found Icitsuull's Assorted Antiques.
 22965 | Orc:2    | Found Gukest's Assorted Antiques.
 22966 | Orc:2    | Found Guppasme's Gadget Shop.
 22974 | Orc:2    | Found Hann's Distillery.
 22982 | Orc:2    | Bought a scroll labeled EGHUNUY PATE for 25 gold pieces
 23117 | Orc:2    | Found Raruhebb's Food Boutique.
 23600 | Orc:1    | Noticed an orc warlord
 23621 | Orc:1    | Killed an orc warlord
 23866 | Orc:2    | Bought a scroll of teleportation for 78 gold pieces
 23867 | Orc:2    | Bought a phantom mirror for 480 gold pieces
 23867 | Orc:2    | Bought a sack of spiders for 320 gold pieces
 23868 | Orc:2    | Bought a scroll of remove curse for 78 gold pieces
 24024 | Lair:1   | Learned a level 5 spell: Bolt of Magma
 24109 | D:13     | Killed p0werm0de's ghost
 24557 | D:13     | Reached XP level 15. HP: 120/120 MP: 12/32
 24731 | D:13     | Found Otarilal's Magic Scroll Boutique.
 24748 | D:13     | Bought a scroll of silence for 105 gold pieces
 24748 | D:13     | Bought a scroll of remove curse for 42 gold pieces
 24748 | D:13     | Bought a scroll of remove curse for 42 gold pieces
 24748 | D:13     | Bought a scroll of enchant armour for 105 gold pieces
 24772 | D:13     | Found a runed door.
 24774 | D:13     | Identified the amulet of Messosao {rElec rN+++ Regen+ Dex-4 SInv}
 25126 | D:6      | Killed Duvessa
 25136 | D:6      | Killed Dowan
 25202 | D:6      | Found a white marble altar of Elyvilon.
 25300 | D:6      | Found a basalt altar of Yredelemnul.
 25548 | D:6      | Found a shadowy altar of Dithmenos.
 25971 | D:13     | Identified the +1 ring mail of Qeduejy {Int+3}
 26175 | D:14     | Found a labyrinth entrance.
 26208 | Lab      | Entered a labyrinth
 26713 | Lab      | Identified the ring of Wogutah {rN+ AC+3 Int+3 Dex+5}
 26827 | D:14     | Noticed Fannar
 26835 | D:14     | Killed Fannar
 26907 | D:14     | Identified the +5 ring mail "Dihas" {rF+ SInv}
 26915 | D:14     | Reached skill level 5 in Shields
 27373 | D:14     | Found a gate to the Vaults.
 27698 | D:15     | Entered Level 15 of the Dungeon
 27751 | D:15     | Reached skill level 14 in Spellcasting
 27755 | D:15     | Found a frozen archway.
 27920 | IceCv    | Entered an ice cave
 29155 | D:15     | Found a staircase to the Depths.
 29660 | Lair:1   | Learned a level 3 spell: Ozocubu's Armour
 29763 | Swamp:1  | Entered Level 1 of the Swamp
 30207 | Swamp:1  | Reached XP level 16. HP: 127/127 MP: 30/34
 31212 | Swamp:2  | Noticed a thorn hunter
 31220 | Swamp:2  | Killed a thorn hunter
 31220 | Swamp:2  | Reached skill level 10 in Shields
 31966 | Swamp:3  | Noticed a thorn hunter
 31980 | Swamp:3  | Killed a thorn hunter
 32026 | Swamp:3  | Noticed a thorn hunter
 32478 | Swamp:3  | Killed a thorn hunter
 32664 | Swamp:3  | Identified the +4 short sword "Sapit" {venom, Fragile MR++ Int+3}
 32858 | Swamp:3  | Identified the +8 short sword "Icac" {speed, Fragile rElec Int+2 SInv}
 33227 | Swamp:3  | Identified the ring of Generosity {MP+9 Dex+5 Slay+2} (You took it off a spriggan druid on level 3 of the Swamp)
 33352 | Swamp:4  | Entered Level 4 of the Swamp
 33694 | Swamp:4  | Noticed a thorn hunter
 33713 | Swamp:4  | Killed a thorn hunter
 34324 | Swamp:4  | Reached skill level 5 in Fire Magic
 34340 | Swamp:4  | Reached skill level 5 in Earth Magic
 34560 | Swamp:4  | Identified the +3 short sword of Cethraepp {venom, *Rage +Fly rPois Str+4}
 34652 | Swamp:4  | Reached skill level 5 in Conjurations
 34697 | Swamp:4  | Identified the +1 robe "Kosky" {rF++ Str+3}
 35068 | Swamp:4  | Noticed the 27-headed Lernaean hydra
 35092 | Swamp:4  | Reached XP level 17. HP: 133/133 MP: 18/35
 35202 | Swamp:4  | Killed the 27-headed Lernaean hydra
 35610 | Swamp:4  | Got a decaying rune of Zot
 35924 | Lair:1   | Learned a level 6 spell: Iron Shot
 35931 | Lair:1   | Learned a level 6 spell: Deflect Missiles
 36009 | Snake:1  | Entered Level 1 of the Snake Pit
 36175 | Snake:1  | Reached skill level 1 in Air Magic
 36422 | Snake:1  | Found a shimmering altar of Xom.
 37240 | Snake:2  | Found Duti's Assorted Antiques.
 37284 | Snake:2  | Bought a scroll of teleportation for 84 gold pieces
 37284 | Snake:2  | Bought a forked lead wand for 112 gold pieces
 37739 | Snake:2  | Noticed Vashnia
 38205 | Snake:2  | Reached skill level 15 in Spellcasting
 38745 | Snake:2  | Killed Vashnia
 39469 | Snake:3  | Found a transporter.
 39471 | Snake:3  | Found a radiant altar of Vehumet.
 39472 | Snake:3  | Identified the ring "Wystofun" {*Tele rF+ Slay+3}
 40448 | Snake:3  | Reached XP level 18. HP: 143/143 MP: 33/37
 40505 | Snake:3  | Found Zafovvi's Gadget Boutique.
 40505 | Snake:3  | Found Weloen's Jewellery Shoppe.
 40506 | Snake:3  | Found Fazareb's Gadget Boutique.
 40519 | Snake:3  | Bought a fan of gales for 600 gold pieces
 40524 | Snake:3  | Noticed Bai Suzhen
 41155 | Snake:3  | Found Zafovvi's Gadget Boutique.
 41155 | Snake:3  | Found Weloen's Jewellery Shoppe.
 41156 | Snake:3  | Found Fazareb's Gadget Boutique.
 41288 | Snake:3  | Found a transporter.
 41290 | Snake:3  | Found a radiant altar of Vehumet.
 41500 | Snake:3  | Found a transporter.
 41897 | Snake:3  | Killed Bai Suzhen
 42329 | Snake:3  | Learned a level 1 spell: Apportation
 42354 | Snake:4  | Entered Level 4 of the Snake Pit
 42549 | Snake:4  | Noticed Roxanne
 44669 | Snake:4  | Reached XP level 19. HP: 152/152 MP: 24/38
 45210 | Snake:4  | Got a serpentine rune of Zot
 45397 | Snake:4  | Killed Roxanne
 45631 | Lair:1   | Identified a cursed +1 pair of boots of running (You acquired it on level 1 of the Lair of Beasts)
 45657 | Lair:1   | Learned a level 6 spell: Freezing Cloud
 45771 | Vaults:1 | Entered Level 1 of the Vaults
 45962 | Vaults:1 | Reached skill level 1 in Staves
 46992 | Vaults:1 | Reached skill level 5 in Air Magic
 47727 | Vaults:2 | Reached skill level 5 in Ice Magic
 47807 | Vaults:2 | Found Nyagg's General Store.
 47815 | Vaults:2 | Bought a scroll of remove curse for 57 gold pieces
 48048 | Vaults:2 | Found a staircase to the Crypt.
 48048 | Vaults:2 | Found a basalt altar of Yredelemnul.
 48049 | Vaults:2 | Found an ancient bone altar of Kikubaaqudgha.
 48112 | Vaults:2 | Noticed Jory
 48121 | Vaults:2 | Reached skill level 5 in Staves
 48251 | Vaults:2 | Killed Jory
 49630 | Vaults:3 | Reached skill level 10 in Staves
 49743 | Vaults:3 | Reached XP level 20. HP: 142/159 MP: 6/39
 50905 | Vaults:3 | Found Pitz's Food Shoppe.
 50922 | Vaults:3 | Reached skill level 16 in Spellcasting
 51028 | Vaults:4 | Reduced skill Staves to level 10
 51191 | Vaults:4 | Reached skill level 17 in Spellcasting
 51192 | Vaults:4 | Reached skill level 5 in Translocations
 51737 | Vaults:4 | Reached skill level 15 in Fighting
 51819 | Vaults:4 | Reached skill level 18 in Spellcasting
 52336 | Vaults:4 | Reduced skill Staves to level 5
 52584 | Vaults:4 | Reached skill level 10 in Translocations
 52714 | Vaults:4 | Reached skill level 10 in Stealth
 52863 | Vaults:4 | Found a portal to a secret trove of treasure.
 52965 | Vaults:4 | Reduced skill Staves to level 1
 53616 | D:9      | Identified the +3 short sword of the Moth {antimagic, rPois MP+9 Dex+2} (You took it off an orc warrior on level 9 of the Dungeon)
 53651 | D:9      | Identified the ring "Dykiydd" {rPois Int+6 Slay+3} (You took it off an orc warrior on level 9 of the Dungeon)
 53963 | D:13     | Identified the +7 falchion of Plog {drain, rPois rC+ MR+ Dex-2}
 54605 | Lair:1   | Learned a level 6 spell: Ozocubu's Refrigeration
 54702 | Elf:1    | Entered Level 1 of the Elven Halls
 54716 | Elf:1    | Reached XP level 21. HP: 165/171 MP: 41/43
 55000 | Elf:1    | Identified the Papyrus of Saltpetre
 55836 | Elf:2    | Reduced skill Translocations to level 10
 56327 | Elf:2    | Found a huge runed gate.
 56327 | Elf:2    | Found a huge runed gate.
 56327 | Elf:2    | Found a huge runed gate.
 56327 | Elf:2    | Found a huge runed gate.
 56327 | Elf:2    | Found a huge runed gate.
 56717 | Elf:3    | Entered Level 3 of the Elven Halls
 56724 | Elf:3    | Reached skill level 19 in Spellcasting
 56921 | Elf:3    | Noticed Nikola
 56936 | Elf:3    | Killed Nikola
 56955 | Elf:3    | Noticed Jorgrun
 57252 | Elf:3    | Killed Jorgrun
 57820 | Elf:3    | Found Puno's Assorted Antiques.
 57822 | Elf:3    | Found Mauckaq's Antique Weapon Shoppe.
 57822 | Elf:3    | Found Daruam's Distillery.
 57823 | Elf:3    | Found Gustrih's Magic Scroll Shoppe.
 57828 | Elf:3    | Bought a scroll of blinking for 217 gold pieces
 57828 | Elf:3    | Bought a scroll of remove curse for 87 gold pieces
 57845 | Elf:3    | Identified the +5 hand axe of Resourcefulness {freeze, +Blink rElec rF- MR+++} (You took it off a deep elf annihilator on level 3 of the Elven Halls)
 58218 | Elf:3    | Identified the ring "Amarghiux" {rF+ Str+4 Int+3} (You took it off a deep elf annihilator on level 3 of the Elven Halls)
 58224 | Elf:3    | Identified the ring of Sif Muna's Fury {*Contam *Slow +Blink rN+++ Stlth-} (You took it off a deep elf death mage on level 3 of the Elven Halls)
 58749 | Elf:3    | Identified the Tome of Hurtful Self-Knowledge
 58778 | Elf:3    | Identified the ring "Qor Yxoc" {Ice Str+6 Dex-5 SInv} (You took it off a deep elf master archer on level 3 of the Elven Halls)
 58778 | Elf:3    | Reached XP level 22. HP: 188/188 MP: 34/45
 58826 | Elf:3    | Identified the +1 pair of gloves "Heclig" {rF- rC+++}
 58830 | Elf:3    | Identified the Catalogue of Absence
 58868 | Elf:3    | Identified the +5 halberd of Uncomfortable Rashes {flame, rF+} (You took it off a deep elf annihilator on level 3 of the Elven Halls)
 59181 | Lair:1   | Learned a level 8 spell: Lehudib's Crystal Spear
 59183 | Lair:1   | Learned a level 1 spell: Summon Butterflies
 59331 | Depths:1 | Entered Level 1 of the Depths
 59605 | Depths:1 | Found Coyrhom's Antique Weapon Shop.
 59608 | Depths:1 | Found Xeuxtade's Gadget Boutique.
 59610 | Depths:1 | Found Nommoi's Antique Weapon Shop.
 59902 | Depths:1 | Found a gateway to Hell.
 59925 | Depths:1 | Found a one-way gate to the infinite horrors of the Abyss.
 59949 | Depths:1 | Found a gateway to a ziggurat.
 60069 | Depths:1 | Reached skill level 20 in Spellcasting
 60171 | Depths:1 | Found a one-way gate leading to the halls of Pandemonium.
 60302 | Depths:1 | Identified the +1 ring mail of Dishonesty {rPois}
 60647 | Depths:1 | Found a runed door.
 60671 | Depths:1 | Found a roughly hewn altar of Beogh.
 61761 | Depths:2 | Noticed a golden dragon
 61761 | Depths:2 | Noticed a caustic shrike
 61837 | Depths:2 | Killed a caustic shrike
 62144 | Depths:2 | Killed a golden dragon
 62351 | Depths:2 | Identified the +4 scale mail "Simnaoch" {Int+6 Slay+3}
 62365 | Depths:2 | Identified the +4 glaive "Heur" {freeze, *Contam rPois rN++ Str+3}
 62465 | Depths:3 | Identified the cursed +2 helmet of the Quahog {rPois} (You acquired it on level 3 of the Depths)
 62494 | Depths:3 | Reached skill level 10 in Earth Magic
 62498 | Depths:3 | Reached skill level 10 in Conjurations
 63422 | Depths:3 | Reached XP level 23. HP: 160/196 MP: 4/47
 63713 | Depths:3 | Noticed Louise
 63732 | Depths:3 | Killed Louise
 64422 | Depths:4 | Reduced skill Translocations to level 5
 64820 | Depths:4 | Reached skill level 10 in Fire Magic
 65739 | Depths:4 | Learned a level 5 spell: Borgnjor's Vile Clutch
 65753 | Depths:5 | Entered Level 5 of the Depths
 65911 | Depths:5 | Reached skill level 1 in Necromancy
 67609 | Depths:5 | Reached skill level 5 in Necromancy
 67632 | Depths:5 | Found a gate to the Realm of Zot.
 69205 | Snake:3  | Bought a phantom mirror for 450 gold pieces
 69205 | Snake:3  | Bought a lightning rod (4/4) for 600 gold pieces
 69205 | Snake:3  | Bought a phantom mirror for 450 gold pieces
 69209 | Snake:3  | Bought a crystal ball of energy for 300 gold pieces
 69209 | Snake:3  | Bought a sack of spiders for 300 gold pieces
 69493 | Orc:2    | Bought a scroll of amnesia for 87 gold pieces
 69495 | Orc:2    | Bought a box of beasts for 320 gold pieces
 69495 | Orc:2    | Bought a box of beasts for 320 gold pieces
 69687 | Lair:1   | Learned a level 7 spell: Spellforged Servitor
 69709 | Lair:1   | Learned a level 5 spell: Dispel Undead
 69900 | Crypt:1  | Entered Level 1 of the Crypt
 70034 | Crypt:1  | Reached skill level 1 in Summonings
 70257 | Crypt:1  | Reduced skill Short Blades to level 5
 70532 | Crypt:1  | Reached XP level 24. HP: 204/204 MP: 38/47
 71440 | Crypt:2  | Learned a level 9 spell: Fire Storm
 71761 | Crypt:2  | Reduced skill Short Blades to level 1
 72125 | Crypt:3  | Entered Level 3 of the Crypt
 72826 | Crypt:3  | Found a basalt altar of Yredelemnul.
 73042 | Crypt:3  | Reached skill level 21 in Spellcasting
 73235 | Crypt:3  | Identified the ring "Vamih" {Ice Int+5}
 73345 | Crypt:3  | Identified the +10 large shield of the Endless Souls {rN++}
 74112 | Crypt:3  | Found a staircase to the Tomb.
 75239 | Slime:1  | Entered Level 1 of the Pits of Slime
 77422 | Slime:2  | Reached skill level 15 in Conjurations
 77422 | Slime:2  | Reached XP level 25. HP: 191/210 MP: 3/48
 79913 | Slime:5  | Entered Level 5 of the Pits of Slime
 80092 | Slime:5  | Noticed the Royal Jelly
 80654 | Slime:5  | Identified the +3 plate armour of Daomur {Slay+3}
 80655 | Slime:5  | Found a viscous altar of Jiyva.
 80656 | Slime:5  | Identified the ring of Gunot {+Fly MR+ Str+4}
 80657 | Slime:5  | Identified the +2 ring mail of Melancholy {Str+2}
 81249 | Slime:5  | Identified the +6 ring mail of Responsibility {-Tele rPois rN+++ Str+6}
 81352 | Slime:5  | Killed the Royal Jelly
 81480 | Slime:5  | Got a slimy rune of Zot
 82038 | Zot:1    | Entered Level 1 of the Realm of Zot
 82164 | Zot:1    | Reached skill level 15 in Fire Magic
 82799 | Elf:3    | Bought a scroll of teleportation for 51 gold pieces
 82799 | Elf:3    | Bought a scroll of magic mapping for 59 gold pieces
 82799 | Elf:3    | Bought 2 scrolls of amnesia for 119 gold pieces
 82799 | Elf:3    | Bought a scroll of magic mapping for 59 gold pieces
 82799 | Elf:3    | Bought a scroll of teleportation for 51 gold pieces
 82799 | Elf:3    | Bought a scroll of fear for 59 gold pieces
 82812 | Elf:3    | Learned a level 7 spell: Haunt
 82821 | Elf:3    | Learned a level 8 spell: Infestation
 83439 | Zot:1    | Reached skill level 1 in Staves
 83439 | Zot:1    | Reached skill level 5 in Summonings
 83780 | Zot:1    | Reached skill level 10 in Necromancy
 83894 | Zot:1    | HP: 10/210 [acid (6)]
 83895 | Zot:1    | Killed from afar by a black draconian

Skill      XL: |  1  2  3  4  5  6  7  8  9 10 11 12 13 14 15 16 17 18 19 20 21 22 23 24 25 |
---------------+----------------------------------------------------------------------------+-----
Short Blades   | 1 2 3 4 5 6 7 4 0 |  0.1
Hexes          | 3 5 6 7 8 |  8.0
Spellcasting   | 3 4 5 7 9 12 13 14 15 18 19 20 21 | 21.7
Ice Magic      | 1 2 5 8 |  8.6
Stealth        | 3 4 5 6 8 10 | 10.7
Fighting       | 1 2 4 6 7 8 9 10 12 13 14 16 19 20 | 20.0
Evocations     | 1 2 4 5 6 7 |  7.5
Dodging        | 4 7 9 |  9.7
Shields        | 4 9 12 | 12.3
Armour         | 1 |  1.0
Conjurations   | 2 3 4 5 7 8 10 13 15 | 15.9
Charms         | 1 2 3 |  3.8
Translocations | 1 3 11 8 3 |  3.0
Transmutations | 1 |  1.2
Earth Magic    | 1 2 4 5 7 8 10 11 12 | 12.9
Fire Magic     | 3 4 5 12 13 13 | 13.5
Air Magic      | 3 5 |  5.5
Staves         | 10 0 2 |  2.0
Necromancy     | 5 11 | 11.2
Summonings     | 1 3 5 |  5.3

Action                   |  1- 3 |  4- 6 |  7- 9 | 10-12 | 13-15 | 16-18 | 19-21 | 22-24 | 25-27 || total
-------------------------+-------+-------+-------+-------+-------+-------+-------+-------+-------++-------
Melee: Dagger            |    59 |    85 |   191 |   462 |  1275 |   969 |   859 |   176 |       ||  4076
       Staff             |       |       |       |       |       |       |       |   144 |     1 ||   145
 Fire: Hunting sling     |     3 |    17 |     3 |       |       |       |       |       |       ||    23
Throw: Stone             |    32 |    23 |    28 |    28 |    20 |       |       |       |       ||   131
       Javelin           |       |       |       |     2 |       |       |       |       |       ||     2
       Tomahawk          |       |       |       |       |       |       |       |     2 |       ||     2
 Cast: Corona            |    39 |    13 |     1 |       |       |       |       |       |       ||    53
       Ensorcelled Hiber |     8 |    40 |    55 |    36 |       |       |       |       |       ||   139
       Confuse           |       |     2 |    53 |   150 |   255 |   168 |    74 |     4 |     3 ||   709
       Dazzling Spray    |       |       |       |     1 |     4 |     2 |       |       |       ||     7
       Tukima's Dance    |       |       |       |     5 |       |       |       |       |       ||     5
       Shroud of Golubri |       |       |       |     4 |    22 |    36 |    17 |    37 |    19 ||   135
       Fulminant Prism   |       |       |       |     9 |     5 |       |       |       |       ||    14
       Sticky Flame      |       |       |       |       |    39 |   140 |   122 |    33 |       ||   334
       Conjure Flame     |       |       |       |       |    26 |       |       |       |       ||    26
       Bolt of Magma     |       |       |       |       |    48 |   111 |    31 |     4 |       ||   194
       Blink             |       |       |       |       |     1 |       |       |       |     5 ||     6
       Ozocubu's Armour  |       |       |       |       |       |    34 |    23 |    47 |    19 ||   123
       Iron Shot         |       |       |       |       |       |   346 |   326 |   334 |       ||  1006
       Deflect Missiles  |       |       |       |       |       |     7 |     8 |     4 |     2 ||    21
       Passage of Golubr |       |       |       |       |       |     2 |       |       |     1 ||     3
       Freezing Cloud    |       |       |       |       |       |       |    46 |     9 |       ||    55
       Apportation       |       |       |       |       |       |       |    14 |       |     1 ||    15
       Ozocubu's Refrige |       |       |       |       |       |       |    67 |   115 |    53 ||   235
       Dispel Undead     |       |       |       |       |       |       |       |   345 |       ||   345
       Borgnjor's Vile C |       |       |       |       |       |       |       |    15 |       ||    15
       Lehudib's Crystal |       |       |       |       |       |       |       |    52 |   149 ||   201
       Spellforged Servi |       |       |       |       |       |       |       |    10 |    18 ||    28
       Fire Storm        |       |       |       |       |       |       |       |       |     3 ||     3
       Haunt             |       |       |       |       |       |       |       |       |     1 ||     1
Invok: Curse Item        |     2 |       |     3 |     2 |     6 |     3 |       |     3 |     1 ||    20
       Transfer Knowledg |       |       |       |       |       |       |     5 |     4 |     1 ||    10
       Scrying           |       |       |       |       |       |       |       |     4 |       ||     4
Evoke: Wand              |       |       |     4 |     5 |       |    13 |     3 |    14 |    12 ||    51
       Lamp of fire      |       |       |       |       |     1 |     3 |       |       |       ||     4
       Phial of floods   |       |       |       |       |       |     2 |       |       |       ||     2
       Sack of spiders   |       |       |       |       |       |     2 |       |       |       ||     2
       Fan of gales      |       |       |       |       |       |     1 |       |       |     1 ||     2
       Crystal ball of e |       |       |       |       |       |       |       |     2 |     7 ||     9
  Use: Scroll            |     5 |     1 |     6 |     5 |     8 |    17 |    10 |     9 |    11 ||    72
 Stab: Sleeping          |    10 |    22 |    43 |    35 |    13 |     9 |    35 |    18 |       ||   185
       Confused          |       |     2 |    13 |    51 |    98 |    67 |    45 |     1 |       ||   277
       Distracted        |       |       |     1 |     1 |     3 |       |     6 |       |       ||    11
       Fleeing           |       |       |       |       |     1 |       |       |       |       ||     1
       Invisible         |       |       |       |       |     1 |       |       |       |       ||     1
Armor: Robe              |     9 |    17 |    34 |     6 |    43 |   142 |    77 |    76 |    37 ||   441
       Acid dragon scale |       |       |       |    40 |   103 |       |       |       |       ||   143
       Skin              |       |       |       |     1 |       |       |       |       |       ||     1
Dodge: Dodged            |    39 |    51 |    52 |   108 |   395 |   460 |   335 |   280 |    75 ||  1795
       Deflected         |       |       |       |       |       |    35 |    55 |    43 |    21 ||   154
Block: Buckler           |       |       |       |    38 |   117 |       |       |       |       ||   155
       Shield            |       |       |       |       |   142 |   718 |   531 |   383 |   109 ||  1883
